 Dungeon Crawl Stone Soup version 0.32-a0-834-geaf45d8e21 (webtiles) character file.

Game seed: 10629034165434821672

2062 jasper the Cleaver (level 9, -1/63 HPs)
             Began as a Demonspawn Fighter on Mar 25, 2024.
             Was an Elder of Yredelemnul.
             Slain by Maggie
             ... wielding a +3 war axe of flaming
              (6 damage)
             ... on level 7 of the Dungeon.
             The game lasted 00:09:01 (5405 turns).

jasper the Cleaver (Demonspawn Fighter)             Turns: 5405, Time: 00:09:01

Health: -1/63      AC: 14    Str: 27    XL:     9   Next: 5%
Magic:  9/9        EV:  5    Int: 14    God:    Yredelemnul [****..]
Gold:   346        SH:  4    Dex: 13    Spells: 8/8 levels left

rFire   + + .        a - +1 war axe (freeze)
rCold   + . .        c - +0 buckler
rNeg    . . .        n - +1 plate armour {rF+}
rPois   .            (no helmet)
rElec   .            w - +0 cloak {rCorr}
rCorr   +            (no gloves)
SInv    .            m - +1 pair of boots
Will    .....        g - amulet of faith Stlth
                     f - +6 ring of strength
HPRegen 0.30/turn    e - ring of Amorality {*Corrode rF+ rC+ Int+6}
MPRegen 0.11/turn

%: corrode self (3%), faith
@: corroded, mesmerised, wreathed by umbra
A: hooves 1, slimy green scales 2, spiny 1, condensation shield
a: Renounce Religion, Light the Black Torch, Recall Undead Harvest, Hurl
Torchlight, Bind Soul


You were on level 7 of the Dungeon.
You worshipped Yredelemnul.
Yredelemnul was noncommittal.
You visited 1 branch of the dungeon, and saw 7 of its levels.
You also visited: Sewer.

You collected 346 gold pieces.

Inventory:

Hand Weapons
 a - a +1 war axe of freezing (weapon)
Missiles
 i - 114 stones (quivered)
 y - 28 poisoned darts
Armour
 b - a +0 scale mail
 c - a +0 buckler (worn)
 m - a +1 pair of boots (worn)
 n - a +1 plate armour of fire resistance (worn)
 w - a +0 cloak of preservation (worn)
Jewellery
 e - the ring of Amorality (right hand) {*Corrode rF+ rC+ Int+6}
   (You found it on level 4 of the Dungeon)

   [ring of protection from cold]

   Int+6:     It affects your intelligence (+6).
   rF+:       It protects you from fire.
   rC+:       It protects you from cold.
   *Corrode:  It may corrode you when you take damage.
 f - a +6 ring of strength (left hand)
 g - an amulet of faith (around neck)
Wands
 r - a wand of polymorph (14)
 t - a wand of mindburst (17)
 u - a wand of warping (9)
Scrolls
 h - a scroll of amnesia
 k - 4 scrolls of teleportation
Potions
 d - 2 potions of might
 j - a potion of brilliance
 l - 2 potions of degeneration
 o - a potion of attraction
 p - 2 potions of resistance
 q - 2 potions of berserk rage
 s - a potion of mutation {unknown}
 v - a potion of magic {unknown}
 x - 2 potions of cancellation {unknown}
 z - a potion of heal wounds {unknown}


   Skills:
 - Level 3.0 Fighting
 + Level 11.0 Axes
 - Level 2.6 Armour
 - Level 2.6 Shields


You had 8 spell levels left.
You didn't know any spells.
Your spell library was empty.

Dungeon Overview and Level Annotations

Branches:
Dungeon (7/15)             Temple (0/1) D:5           Sewer (visited)

Altars:
Okawaru
Qazlal
Ru
Sif Muna
Uskayaw
Wu Jian
Yredelemnul

Annotations:
D:4 Edmund
D:7 Maggie


Innate Abilities, Weirdness & Mutations

You have large cloven feet.
You are mostly covered in slimy green scales. (AC +3)
You are partially covered in sharp spines.
A meltable shield of frost defends you. (SH +0)


Message History

You hit the shadow but do no damage.
Your orc wizard zombie barely misses Maggie.
The shadow slips into darkness.
The shadow flickers and vanishes!
Deactivating autopickup; reactivate with Ctrl-A.
You block Maggie's attack.
Maggie hits your orc wizard zombie with a +3 war axe of flaming!
Maggie burns your orc wizard zombie.
Your orc wizard zombie is destroyed!
You cannot move away from Maggie!
Unknown command.
It was a potion of berserk rage.
You are too mesmerised to rage.
The shadow strikes at you from the darkness!
* * * LOW HITPOINT WARNING * * *
Reactivating autopickup.
You block Maggie's attack.
You take 9 damage, and have 10/63 hp.
Okay, then.
Okay, then.
Unknown command.
Unknown command.
Unknown command.
You swap places.
The shadow is struck by your spines. The shadow barely misses you.
Maggie hits you with a +3 war axe of flaming.
* * * LOW HITPOINT WARNING * * *
Maggie hits your kobold zombie with a +3 war axe of flaming.
Maggie burns your kobold zombie.
Your kobold zombie is destroyed!
Things that are here:
a +0 dagger; a +0 robe You take 1 damage, and have 9/63 hp.
You hit Maggie. You freeze Maggie.
Maggie is severely wounded.
You hit the shadow but do no damage. The shadow hits you.
* * * LOW HITPOINT WARNING * * *
Maggie is struck by your spines.
Maggie hits you with a +3 war axe of flaming.
You die...
Your body rises from the dead as a mindless zombie.

..##........#
...........# #.........#
#........# #........# ##
#ZZ# ######.
.#########Z#######....#.
......WZZ)Z.........ZZ.>
......@@##Z#####....#...
........##.#####.######Z
........##.......# #.
........###...#### #.
..!.....# ##..### #.
.......$# #....## #Z
#.......# #....<# ##
#.......# ###...# #
#...# #


You could see Maggie (mesmerising, ally target), a shadow, a friendly water
moccasin zombie, 2 friendly kobold zombies and a friendly orc zombie.

Vanquished Creatures
  2 water moccasins (D:7)
  An ogre (D:4)
  A centaur (D:6)
  A phantom (D:5)
  3 kobold brigands
  2 scorpions
  3 wights
  2 jellies (D:5)
  An orc priest (D:5)
  Crazy Yiuf (D:6)
  A sleepcap (D:7)
  3 iguanas
  4 orc wizards
  8 adders
  3 river rats (D:6)
  A white imp (D:6)
  4 dart slugs
  31 orcs
  6 ball pythons
  5 endoplasms
  3 giant cockroaches
  5 goblins
  6 hobgoblins
  3 jackals (D:4)
  19 kobolds
  6 quokkas
  9 bats
  3 frilled lizards
  6 rats
143 creatures vanquished.

Vanquished Creatures (collateral kills)
  A sky beast (D:6)
  An orc warrior (D:6)
  A wight (D:6)
  2 hounds
  2 bombardier beetles (D:5)
  A gnoll bouda (D:5)
  2 sleepcaps
  An orc wizard (D:6)
  3 adders
  5 gnolls (D:5)
  5 orcs
  5 kobolds (Sewer)
  A frilled lizard (Sewer)
  2 rats (Sewer)
32 creatures vanquished.

Vanquished Creatures (others)
  An ogre zombie (D:4)
  A hound zombie (D:4)
  2 bat zombies (Sewer)
  A bombardier beetle zombie (D:5)
  A hobgoblin zombie (D:4)
  2 jackal zombies (D:4)
  2 kobold zombies
  7 orc zombies
  A rat zombie (D:6)
18 creatures vanquished.

Grand Total: 193 creatures vanquished

Notes
Turn   | Place    | Note
-------+----------+-------------------------------------------
     0 | D:1      | jasper the Demonspawn Fighter began the quest for the Orb.
     0 | D:1      | Reached XP level 1. HP: 18/18 MP: 1/1
    25 | D:1      | Reached skill level 2 in Axes
   136 | D:1      | Found a faded altar of an unknown god.
   229 | D:1      | Gained mutation: You are partially covered in sharp spines.
                  | [demonic ancestry]
   229 | D:1      | Reached XP level 2. HP: 24/24 MP: 2/2
   872 | D:2      | Reached skill level 3 in Axes
   872 | D:2      | Gained mutation: You have large cloven feet. [demonic
                  | ancestry]
   872 | D:2      | Reached XP level 3. HP: 22/29 MP: 3/3
  1229 | D:2      | Found a basalt altar of Yredelemnul.
  1247 | D:2      | Became a worshipper of Yredelemnul the Fallen
  1690 | D:3      | Found a stormy altar of Qazlal.
  1713 | D:3      | Gained mutation: You are partially covered in slimy green
                  | scales. (AC +2) [demonic ancestry]
  1713 | D:3      | Reached XP level 4. HP: 35/35 MP: 4/4
  1718 | D:3      | Reached skill level 4 in Axes
  1846 | D:3      | Found an iron altar of Okawaru.
  1923 | D:3      | Found a hide-covered altar of Uskayaw.
  1958 | D:3      | Found a sacrificial altar of Ru.
  2018 | D:3      | Reached * piety under Yredelemnul
  2309 | D:4      | Reached XP level 5. HP: 41/41 MP: 5/5
  2327 | D:4      | Identified the +1 dagger "Gram" {flame, rF+ Str+4 SInv}
  2442 | D:4      | Noticed an ogre
  2451 | D:4      | Killed an ogre
  2452 | D:4      | Reached skill level 5 in Axes
  2594 | D:4      | Identified the ring of Amorality {*Corrode rF+ rC+ Int+6}
  2648 | D:4      | Gained mutation: You are mostly covered in slimy green
                  | scales. (AC +3) [demonic ancestry]
  2648 | D:4      | Reached XP level 6. HP: 35/47 MP: 6/6
  2681 | D:4      | Reached skill level 6 in Axes
  2993 | D:4      | Noticed Edmund
  3006 | D:5      | Entered Level 5 of the Dungeon
  3077 | D:5      | Found an ornate altar of the Wu Jian Council.
  3332 | D:5      | Reached skill level 7 in Axes
  3332 | D:5      | Reached ** piety under Yredelemnul
  3333 | D:5      | Gained mutation: A meltable shield of frost defends you.
                  | (SH +0) [demonic ancestry]
  3333 | D:5      | Reached XP level 7. HP: 47/52 MP: 7/7
  3530 | D:5      | Identified the +0 ring mail "Hukagg" {rElec Will++ Int-2}
  3856 | D:5      | Found a staircase to the Ecumenical Temple.
  3892 | D:5      | Reached skill level 8 in Axes
  4247 | D:6      | Reached *** piety under Yredelemnul
  4248 | D:6      | Reached XP level 8. HP: 49/58 MP: 8/8
  4250 | D:6      | Reached skill level 9 in Axes
  4281 | D:6      | Found a shimmering blue altar of Sif Muna.
  4543 | D:6      | Found a runed translucent door.
  4544 | D:6      | Noticed Crazy Yiuf
  4661 | D:6      | Found a glowing drain.
  4669 | Sewer    | Entered a sewer
  4695 | Sewer    | Reached skill level 10 in Axes
  4752 | Sewer    | Reached **** piety under Yredelemnul
  5076 | D:6      | Killed Crazy Yiuf
  5253 | D:7      | Reached skill level 11 in Axes
  5253 | D:7      | Reached XP level 9. HP: 44/63 MP: 9/9
  5392 | D:7      | Noticed Maggie
  5405 | D:7      | Slain by Maggie

Illustrated notes

Levels and vault maps discovered:
D:1:      minmay_arrival_wavy_path, layout_basic, basic_ecumenical_altar,
          serial_bayou_pond_d, chequers_big_river
D:2:      layout_rooms, basic_altar, serial_forest,
          infiniplex_forest_clump_small, infiniplex_forest_lined_1,
          infiniplex_forest_clump_long, infiniplex_forest_lined_1,
          infiniplex_forest_end_1, infiniplex_forest_clump_medium,
          infiniplex_forest_lined_3, infiniplex_forest_lined_room_2,
          infiniplex_forest_split, minivault_27, grunt_decor_fettered
D:3:      layout_rooms, mainiacjoe_overflow_boulevard,
          mainiacjoe_overflow_alcove_4, nicolae_qazlal_eye_of_the_storm,
          mainiacjoe_overflow_catch_the_wave, minmay_misc_feat_diagonals,
          minmay_fractal_squares_5
D:4:      layout_loops_ring, serial_aquarium, aquarium_bridge_square
          [aquarium_subvault_wall, aquarium_subvault_bridge,
          aquarium_subvault_bridge, aquarium_subvault_bridge],
          aquarium_bridge_island_small [aquarium_subvault_small_open,
          aquarium_subvault_wall, aquarium_subvault_bridge,
          aquarium_subvault_bridge, aquarium_subvault_wall],
          aquarium_window_fake, aquarium_window_corridor_1, aquarium_window_1,
          aquarium_view_2e, aquarium_view_2d, uniq_edmund
D:5:      layout_layer_cave, old_standard_altar,
          minmay_temple_entry_from_below_a, kennysheep_generic_room_6
D:6:      layout_rooms, mainiacjoe_overflow_brackets, portal_sewer_entry_e,
          uniq_crazy_yiuf_cottage
D:7:      layout_basic, uniq_maggie

Skill      XL: |  1  2  3  4  5  6  7  8 |
---------------+-------------------------+-----
Axes           | 2 3 4 5 7 8 11 | 11.0
Fighting       | |  3.0
Armour         | |  2.6
Shields        | |  2.6

Action                     |  1- 3 |  4- 6 |  7- 9 || total
---------------------------+-------+-------+-------++-------
  Melee: War axe           |    50 |    75 |   137 ||   262
  Throw: Stone             |     2 |       |       ||     2
 Invoke: Light the Black T |     1 |     2 |     3 ||     6
    Use: Scroll            |     9 |     4 |     5 ||    18
         Potion            |       |     2 |     1 ||     3
   Stab: Distracted        |       |     1 |       ||     1
 Armour: Scale mail        |    31 |       |       ||    31
         Plate armour      |       |    61 |   109 ||   170
  Dodge: Dodged            |    23 |    32 |    30 ||    85
  Block: Buckler           |    10 |    26 |    59 ||    95

Table legend: (Time is in decaauts)
 A = Elapsed time spent in this place.
 B = Non-inter-level travel time spent in this place.
 C = Inter-level travel time spent in this place.
 D = Time resting spent in this place.
 E = Time spent auto-exploring this place.
 F = Levels seen in this place.
 G = Mean time per level.
                   A        B        C        D        E       F      G
               +--------+--------+--------+--------+--------+-----+--------+
         Total |   5494 |   5314 |    180 |    657 |   3484 |   8 |  686.8 |
       Dungeon |   5167 |   4987 |    180 |    657 |   3279 |   7 |  738.1 |
         Sewer |    326 |    326 |      0 |      0 |    205 |   1 |  326.0 |
               +--------+--------+--------+--------+--------+-----+--------+

Top non-repeatable levels by time:
     D:5: 1111 daAuts
     D:2: 835 daAuts
     D:1: 808 daAuts
     D:6: 793 daAuts
     D:4: 708 daAuts
     D:3: 699 daAuts
   Sewer: 326 daAuts
     D:7: 212 daAuts
